 Dungeon Crawl Stone Soup version 0.23.2-1-ga50397a (webtiles) character file.

Game seed: 3781014141452549056

189 MalarOregon the Ruffian (level 5, -1/45 HPs)
             Began as a Ghoul Gladiator on June 1, 2019.
             Slain by an ogre
             ... wielding a +0 giant club
              (23 damage)
             ... on level 4 of the Dungeon.
             The game lasted 00:02:53 (2222 turns).

MalarOregon the Ruffian (Ghoul Gladiator)           Turns: 2222, Time: 00:02:54

Health: -1/45      AC:  7    Str: 18    XL:     5   Next: 68%
Magic:  4/4        EV: 12    Int:  4    God:
Gold:   167        SH:  0    Dex: 10    Spells: 4/4 levels left

rFire    . . .     SeeInvis .     - Unarmed
rCold    + . .     Gourm    .   (no shield)
rNeg     + + +     Faith    .   a - +0 leather armour
rPois    ∞         Spirit   .   b - +0 helmet
rElec    .         Reflect  .   (no cloak)
rCorr    .         Harm     .   d - +1 pair of gloves
MR       .....                  y - +0 pair of boots
Stlth    ++........             (no amulet)
HPRegen  0.00/turn              h - ring of wizardry
MPRegen  0.09/turn              (no ring)

@: rotting
A: rotting body, claws 1, carnivore, cold resistance 1, negative energy
resistance 3, inhibited regeneration, torment resistance, unbreathing
a: no special abilities


You were on level 4 of the Dungeon.
You were not hungry.

You visited 1 branch of the dungeon, and saw 4 of its levels.

You collected 167 gold pieces.

Inventory:

Missiles
 c - 3 throwing nets (quivered) {!f}
Armour
 a - a +0 leather armour (worn)
 b - a +0 helmet (worn)
 d - a +1 pair of gloves (worn)
   (You found it on level 1 of the Dungeon)
 y - a +0 pair of boots (worn)
   (You found it on level 4 of the Dungeon)
Jewellery
 h - a ring of wizardry (left hand)
   (You found it on level 1 of the Dungeon)
Wands
 x - a wand of acid (10)
   (You found it on level 3 of the Dungeon)
Scrolls
 i - 6 scrolls of identify {unknown}
 o - 5 scrolls of remove curse {unknown}
 p - a scroll of magic mapping {unknown}
 q - a scroll of noise {unknown}
 r - 2 scrolls of teleportation {unknown}
 u - a scroll of enchant weapon {unknown}
Potions
 f - a potion of ambrosia {unknown}
 g - 2 potions of lignification {unknown}
 j - a potion of mutation {unknown}
 k - a potion of brilliance {unknown}
 l - 2 potions of heal wounds {unknown}
 m - 2 potions of curing {unknown}
 n - 3 potions of might {unknown}
 s - a potion of resistance {unknown}
 t - 2 potions of degeneration {unknown}
 w - 2 potions of haste {unknown}
 z - a potion of agility {unknown}
Comestibles
 e - 8 rations {!d}


   Skills:
 + Level 3.6 Fighting
 - Level 1.7 Throwing
 - Level 2.6 Dodging
 + Level 2.9 Stealth
 * Level 5.3 Unarmed Combat


You had 4 spell levels left.
You didn't know any spells.
Your spell library was empty.

Dungeon Overview and Level Annotations

Branches:
Dungeon (4/15)
 Temple: D:4-7

Altars:
Okawaru


Innate Abilities, Weirdness & Mutations

Your body is rotting away.
You thrive on raw meat.
You are immune to poison.
You have sharp fingernails.
You are carnivorous and can eat meat at any time.
Your flesh is cold resistant. (rC+)
You are immune to negative energy. (rN+++)
You do not regenerate when monsters are visible.
You are immune to unholy pain and torment.
You can survive without breathing.


Message History

You punch the leopard gecko skeleton!
You destroy the leopard gecko skeleton!
You hit the ogre. The ogre hits you with a +0 giant club.
You barely miss the ogre. You hit the ogre. The ogre barely misses you.
You barely miss the ogre. The ogre misses you.
You barely miss the ogre. You hit the ogre. You punch the ogre.
The ogre hits you with a +0 giant club!
You hit the ogre but do no damage. The ogre barely misses you.
You hit the ogre. You punch the ogre! The ogre barely misses you.
You barely miss the ogre. The ogre hits you with a +0 giant club!
* * * LOW HITPOINT WARNING * * *
Eat one of 10 chunks of flesh? (ye/n/q)
You eat one of the 10 chunks of flesh.
This raw flesh tastes great!
The ogre completely misses you.
Eat one of 9 chunks of flesh? (ye/n/q)
You eat one of the 9 chunks of flesh.
This raw flesh tastes great!
Eat one of 8 chunks of flesh? (ye/n/q)
You eat one of the 8 chunks of flesh.
This raw flesh tastes great!
The ogre hits you with a +0 giant club!
* * * LOW HITPOINT WARNING * * *
Eat one of 7 chunks of flesh? (ye/n/q)
You eat one of the 7 chunks of flesh.
This raw flesh tastes great!
The ogre hits you with a +0 giant club!
* * * LOW HITPOINT WARNING * * *
Eat one of 6 chunks of flesh? (ye/n/q)
You eat one of the 6 chunks of flesh.
This raw flesh tastes great!
The ogre closely misses you.
Eat one of 5 chunks of flesh? (ye/n/q)
You eat one of the 5 chunks of flesh.
This raw flesh tastes great!
You hit the ogre. The ogre misses you.
You barely miss the ogre. The ogre hits you with a +0 giant club.
You barely miss the ogre. You hit the ogre.
The ogre hits you with a +0 giant club!!
* * * LOW HITPOINT WARNING * * *
Eat one of 4 chunks of flesh? (ye/n/q)
You eat one of the 4 chunks of flesh.
This raw flesh tastes great!
The ogre barely misses you.
Eat one of 3 chunks of flesh? (ye/n/q)
You eat one of the 3 chunks of flesh.
This raw flesh tastes great!
The ogre barely misses you.
Eat one of 2 chunks of flesh? (ye/n/q)
You eat one of the 2 chunks of flesh.
This raw flesh tastes great!
Eat a chunk of flesh? (ye/n/q)
You eat the chunk of flesh.
This raw flesh tastes great!
The ogre hits you with a +0 giant club!!
Ouch! That really hurt!
You die...

##.......÷
.....................
....................
....................
....>............##
#................##
#.......#####.....#
#.O...# ##.....
#.@..# ##.... #...##
##... #...## #...
#....## ######
##....########..##
#...........[...#
#...............##
#############....#
##...#


You could see an ogre.

Vanquished Creatures
  3 orc priests
  4 adders
  An ooze (D:3)
  A worm (D:2)
  A dart slug (D:2)
  A leopard gecko (D:3)
  7 orcs
  9 goblins
  6 hobgoblins
  3 jackals (D:2)
  8 kobolds
  2 ball pythons
  A bat (D:2)
  A frilled lizard (D:2)
  A leopard gecko skeleton (D:4)
  3 rats
52 creatures vanquished.

Notes
Turn   | Place    | Note
-------+----------+-------------------------------------------
     0 | D:1      | MalarOregon the Ghoul Gladiator began the quest for the
                  | Orb.
     0 | D:1      | Reached XP level 1. HP: 17/17 MP: 0/0
   167 | D:1      | Reached XP level 2. HP: 21/25 MP: 1/1
   536 | D:2      | Reached skill level 1 in Stealth
   756 | D:2      | Reached XP level 3. HP: 22/30 MP: 2/2
   760 | D:2      | Reached skill level 4 in Unarmed Combat
  1345 | D:2      | Reached XP level 4. HP: 17/37 MP: 3/3
  1545 | D:2      | Reached XP level 5. HP: 20/45 MP: 4/4
  1753 | D:3      | Reached skill level 5 in Unarmed Combat
  1771 | D:3      | Found an iron altar of Okawaru.
  1970 | D:3      | Found a faded altar of an unknown god.
  2194 | D:4      | Noticed an ogre
  2222 | D:4      | Slain by an ogre

Skill      XL: |  1  2  3  4  5 |
---------------+----------------+-----
Stealth        | 1 2 |  2.9
Unarmed Combat | 4 5 |  5.3
Fighting       | 3 |  3.6
Throwing       | |  1.7
Dodging        | |  2.6

Action                   |  1- 3 |  4- 6 || total
-------------------------+-------+-------++-------
Melee: Unarmed           |    79 |    92 ||   171
       Punch             |     1 |     1 ||     2
 Stab: Sleeping          |       |     2 ||     2
  Eat: Chunk             |     1 |    16 ||    17
Armor: Leather armour    |    15 |    26 ||    41
Dodge: Dodged            |    43 |    50 ||    93
